 Dungeon Crawl Stone Soup version 0.32-a0-900-g30fb1b0edc (webtiles) character file.

Game seed: 16237875565266899004

75 Fodor the Shield-Bearer (level 4, 0/40 HPs)
             Began as a Minotaur Fighter on Apr 5, 2024.
             Slain by Sigmund
             ... wielding a +2 scythe of freezing
              (1 damage)
             ... on level 4 of the Dungeon.
             The game lasted 00:06:31 (1712 turns).

Fodor the Shield-Bearer (Minotaur Fighter)          Turns: 1712, Time: 00:06:32

Health: 0/40       AC:  7    Str: 28    XL:     4   Next: 11%
Magic:  3/3        EV:  9    Int:  5    God:
Gold:   104        SH:  4    Dex: 10    Spells: 3/3 levels left

rFire   . . .        a - +0 war axe
rCold   . . .        c - +0 buckler
rNeg    . . .        b - +0 scale mail
rPois   .            (helmet currently unavailable)
rElec   .            l - melded +0 cloak
rCorr   .            (gloves currently unavailable)
SInv    .            (boots currently unavailable)
Will    .....        (no amulet) Stlth
                     p - +6 ring of strength
HPRegen 0.26/turn    (no ring)
MPRegen 0.08/turn

%: no passive effects
@: beast-form
A: beast (slay +0), horns 2, retaliatory headbutt
a: Begin Untransformation


You were on level 4 of the Dungeon.
You were a hulking beast.
You visited 1 branch of the dungeon, and saw 4 of its levels.

You collected 104 gold pieces.

Inventory:

Hand Weapons
 a - a +0 war axe (weapon)
Armour
 b - a +0 scale mail (worn)
 c - a +0 buckler (worn)
 l - a +0 cloak (melded)
Jewellery
 e - a ring of protection from fire
 p - a +6 ring of strength (left hand)
Talismans
 h - a flux talisman
 q - a beast talisman (active)
Scrolls
 f - a scroll of silence {unknown}
 i - 2 scrolls of teleportation {unknown}
 k - 2 scrolls of blinking {unknown}
 n - 3 scrolls of identify {unknown}
 o - a scroll of vulnerability {unknown}
 t - a scroll of amnesia {unknown}
 u - a scroll of fog {unknown}
Potions
 d - 5 potions of might
 g - 2 potions of degeneration {unknown}
 j - a potion of resistance {unknown}
 m - 4 potions of curing {unknown}
 r - a potion of cancellation {unknown}
 s - 2 potions of enlightenment {unknown}


   Skills:
 + Level 4.1 Fighting
 + Level 3.2 Axes
 + Level 4.3 Armour
 + Level 1.2 Dodging
 + Level 4.3 Shields


You had 3 spell levels left.
You didn't know any spells.
Your spell library was empty.

Dungeon Overview and Level Annotations

Branches:
Dungeon (4/15)
 Temple: D:4-7

Altars:

Annotations:
D:4 Eustachio, Sigmund


Innate Abilities, Weirdness & Mutations

You are a hulking beast.
Your limbs bulge with bestial killing power. (Slay +0)
You have a pair of horns on your head.
You reflexively headbutt those who attack you in melee.


Message History

Found a stone staircase leading down and a stone staircase leading up.
Sigmund casts a spell.
Sigmund flickers and vanishes!
Deactivating autopickup; reactivate with Ctrl-A.
Found a stone staircase leading up.
You see here an amulet of regeneration.
Unknown command.
Unknown command.
Unknown command.
Unknown command.
Eustachio gestures wildly while chanting.
A magic dart appears from out of thin air!
The magic dart hits you.
An orc comes into view. It is wielding a +0 dagger.
Eustachio twirls his moustache.
The bat attacks as it pursues you! The bat closely misses you.
The bat hits you but does no damage.
There is a stone staircase leading up here.
The bat hits you but does no damage.
You closely miss the bat. The bat hits you. The bat hits you.
The bat hits you but does no damage. Something hits you! Something freezes you.
The bat barely misses you.
There is a stone staircase leading up here.
You closely miss the bat. The bat hits you but does no damage. x2
Something hits you! Something freezes you.
You barely miss the bat. The bat hits you but does no damage.
You block the bat's attack.
Eustachio gestures wildly while chanting.
Eustachio blinks!
The bat hits you but does no damage. Something hits you!
* * * LOW HITPOINT WARNING * * *
Something freezes you.
* * * LOW HITPOINT WARNING * * *
You hit the bat.
The bat is moderately wounded.
The bat hits you but does no damage. The bat closely misses you.
Something hits you.
* * * LOW HITPOINT WARNING * * *
Something freezes you.
You die...

≈≈≈≈≈≈≈≈≈. #<.#
......... #..####
......... ..<.^.
...[..... .>..
........# ...
........# #.#
........######.###..##
.........hb{o.".......
############§.........
#..........
#..........
#..........
#....$.....
#..........
#..........


You could see an orc and a bat (summoned).

Vanquished Creatures
  4 adders
  3 dart slugs
  A ribbon worm (D:3)
  An orc (D:3)
  5 endoplasms
  A giant cockroach (D:3)
  2 goblins
  A hobgoblin (D:3)
  4 kobolds
  A quokka (D:2)
  3 ball pythons
  3 bats
  A frilled lizard (D:3)
  A rat (D:2)
31 creatures vanquished.

Notes
Turn   | Place    | Note
-------+----------+-------------------------------------------
     0 | D:1      | Fodor the Minotaur Fighter began the quest for the Orb.
     0 | D:1      | Reached XP level 1. HP: 19/19 MP: 0/0
   653 | D:2      | Reached XP level 2. HP: 21/27 MP: 1/1
   790 | D:2      | Reached XP level 3. HP: 33/33 MP: 2/2
  1053 | D:3      | Reached skill level 1 in Dodging
  1214 | D:3      | Reached XP level 4. HP: 40/40 MP: 3/3
  1454 | D:3      | Found a faded altar of an unknown god.
  1697 | D:4      | Noticed Sigmund
  1697 | D:4      | Noticed Eustachio
  1712 | D:4      | HP: 1/40 [something (2)]
  1712 | D:4      | Slain by Sigmund

Illustrated notes

Levels and vault maps discovered:
D:1:      zaba_arrival_water, layout_loops_ring
D:2:      layout_rooms
D:3:      layout_loops_ring, nicolae_ecumenical_oubliette, serial_glass,
          glass_columns_c, glass_columns_b, item_on_display_a,
          dk_noncrumbling_2, minmay_diced_spiral
D:4:      layout_rooms, nzn_wu_jian_council_hall,
          mainiacjoe_overflow_concentric_impassable, uniq_sigmund,
          uniq_eustachio, uniq_edmund

Skill      XL: |  1  2  3 |
---------------+----------+-----
Armour         | 4 |  4.3
Fighting       | 4 |  4.1
Shields        | 4 |  4.3
Dodging        | 1 |  1.2
Axes           | 3 |  3.2

Action                     |  1- 3 |  4- 6 || total
---------------------------+-------+-------++-------
  Melee: War axe           |    46 |     9 ||    55
         Headbutt          |     4 |       ||     4
 Armour: Scale mail        |    46 |    17 ||    63
  Dodge: Dodged            |    20 |     7 ||    27
  Block: Buckler           |    13 |     2 ||    15
   Form: Beast             |     1 |       ||     1

Table legend: (Time is in decaauts)
 A = Elapsed time spent in this place.
 B = Non-inter-level travel time spent in this place.
 C = Inter-level travel time spent in this place.
 D = Time resting spent in this place.
 E = Time spent auto-exploring this place.
 F = Levels seen in this place.
 G = Mean time per level.
                   A        B        C        D        E       F      G
               +--------+--------+--------+--------+--------+-----+--------+
         Total |   1738 |   1729 |      9 |      0 |   1250 |   4 |  434.5 |
       Dungeon |   1738 |   1729 |      9 |      0 |   1250 |   4 |  434.5 |
               +--------+--------+--------+--------+--------+-----+--------+

Top non-repeatable levels by time:
     D:3: 723 daAuts
     D:1: 642 daAuts
     D:2: 352 daAuts
     D:4: 19 daAuts
